 Dungeon Crawl Stone Soup version 0.29-a0-284-gf9362112df (webtiles) character file.

Game seed: 10712249472908081249

1869 rabbitsville the Cleaver (level 8, -2/77 HPs)
             Began as a Minotaur Monk on Mar 17, 2022.
             Was a Believer of Nemelex Xobeh.
             Slain by a hornet (10 damage)
             ... on level 7 of the Dungeon.
             The game lasted 00:18:15 (5029 turns).

rabbitsville the Cleaver (Minotaur Monk)            Turns: 5029, Time: 00:18:16

Health: -2/77      AC: 12    Str: 18    XL:     8   Next: 90%
Magic:  7/7        EV: 12    Int:  7    God:    Nemelex Xobeh [**....]
Gold:   293        SH:  0    Dex: 13    Spells: 7/7 levels left

rFire   . . .      SeeInvis .   a - +0 hand axe
rCold   . . .      Faith    .   (no shield)
rNeg    . . .      Spirit   .   j - +0 chain mail
rPois   .          Reflect  .   (helmet restricted)
rElec   .          Harm     .   (no cloak)
rCorr   .          Rampage  .   (no gloves)
Will    .....                   (no boots)
Stlth   ..........              f - amulet of regeneration
HPRegen 1.02/turn               q - +4 ring of protection
MPRegen 0.10/turn               x - +4 ring of evasion

@: lethally poisoned (-2 -> -4), slowed, very slow
A: horns 2, retaliatory headbutt
a: Renounce Religion, Draw Escape, Draw Destruction, Draw Summoning


You were on level 7 of the Dungeon.
You worshipped Nemelex Xobeh.
Nemelex Xobeh was pleased with you.
You visited 1 branch of the dungeon, and saw 7 of its levels.
You also visited: Ossuary.

You collected 293 gold pieces.

Inventory:

Hand Weapons
 a - a +0 hand axe (weapon)
Missiles
 p - 8 poisoned darts (quivered)
Armour
 b - a +0 robe
 j - a +0 chain mail (worn)
Jewellery
 f - an amulet of regeneration (around neck)
 h - a ring of ice
 q - a +4 ring of protection (left hand)
 x - a +4 ring of evasion (right hand)
Wands
 F - a wand of iceblast (6)
Scrolls
 d - a scroll of enchant weapon {unknown}
 g - 3 scrolls of holy word {unknown}
 i - 3 scrolls of vulnerability {unknown}
 k - 3 scrolls of enchant armour {unknown}
 l - a scroll of teleportation {unknown}
 n - a scroll of torment {unknown}
 s - 3 scrolls of immolation
 y - 3 scrolls of fog
 A - a scroll of silence {unknown}
 B - 3 scrolls of fear {unknown}
 C - a scroll of noise {unknown}
 E - a scroll of magic mapping {unknown}
 G - a scroll of identify
Potions
 c - 3 potions of ambrosia
 e - a potion of resistance {unknown}
 m - 4 potions of brilliance
 o - 3 potions of magic
 r - 3 potions of berserk rage {unknown}
 t - 3 potions of curing
 u - a potion of cancellation {unknown}
 v - a potion of attraction {unknown}
 w - 4 potions of might {unknown}
 z - 3 potions of flight
 D - a potion of heal wounds {unknown}


   Skills:
 + Level 8.8 Fighting
 * Level 11.8 Axes
 - Level 3.2 Dodging
 - Level 1.5 Stealth


You had 7 spell levels left.
You didn't know any spells.
Your spell library contained the following spells:

 Spells                   Type           Power      Damage    Failure   Level
 Animate Skeleton         Necr           0%         N/A       100%        1
 Pain                     Necr           0%         1d4       100%        1
 Slow                     Hex            0%         N/A       100%        1
 Corpse Rot               Necr/Air       0%         N/A       100%        2
 Poisonous Vapours        Pois/Air       0%         N/A       100%        2
 Confusing Touch          Hex            0%         N/A       100%        3
 Frozen Ramparts          Ice            0%         1d2       100%        3
 Gell's Gravitas          Tloc           0%         N/A       100%        3
 Teleport Other           Tloc           0%         N/A       100%        3
 Vampiric Draining        Necr           0%         2d6       100%        3
 Ice Form                 Ice/Tmut       0%         N/A       100%        4
 Summon Ice Beast         Ice/Summ       0%         N/A       100%        4
 Dispersal                Tloc           0%         N/A       100%        6


Dungeon Overview and Level Annotations

Branches:
Dungeon (7/15)             Temple (0/1) D:6         Ossuary (visited)

Altars:
Elyvilon
Nemelex Xobeh
Sif Muna
Zin


Innate Abilities, Weirdness & Mutations

You have a pair of horns on your head.
You reflexively headbutt those who attack you in melee.


Message History

You feel as though you will be slow longer.
You can move again.
You draw a card...
You have drawn the Tomb.
Walls emerge from the floor!
You feel very sick.
The hornet stings you but does no damage.
The orc hits you but does no damage. The hornet completely misses you.
The orc hits you but does no damage.
You draw a card...
You have drawn the Cloud.
Clouds appear around you!
The deck of cards glows with a rainbow of weird colours and disappears.
You feel sick. The hornet barely misses you.
The orc hits you but does no damage. The hornet stings you.
* * * LOW HITPOINT WARNING * * *
You are more poisoned.
You feel as though you will be slow longer.
You draw a card...
You have drawn the Orb.
Press: ? - help, Shift-Dir - straight line, f/p - hornet
Aim: a hornet (black smoke, heavily wounded)
Your orb of destruction hits a rock wall.
The wavering orb of destruction weakly hits the hornet!
The hornet is severely wounded.
The wavering orb of destruction weakly hits the orc!
You blow up the orc!
Your orb of destruction hits a rock wall. x3
You feel very sick.
The hornet stings you but does no damage.
The hornet closely misses you.
The hornet stings you but does no damage.
You hit the hornet.
The hornet is almost dead.
You feel sick. The hornet stings you!
* * * LOW HITPOINT WARNING * * *
You feel as though you will be slow longer.
Unknown command.
You draw a card...
You have drawn the Storm.
A fierce wind blows from the card.
The hornet is blown away by the wind.
The deck of cards disappears without a trace.
You feel sick. The hornet stings you!
You die...
Your body glows with a rainbow of weird colours and disappears.

. ..
############.#
......##§§...#
##@y§# ####§#
..# #.# .. ##.
#. .#


You could see a hornet.

Vanquished Creatures
  Grinder (D:4)
  Sigmund (D:3)
  2 sky beasts
  2 ogres
  2 black bears (D:5)
  An elf zombie (Ossuary)
  A necrophage (D:5)
  5 scorpions
  A vampire bat (D:5)
  A human zombie (Ossuary)
  A hound (D:6)
  An orc priest (D:5)
  Jessica (D:3)
  2 orc wizards (D:6)
  2 iguanas
  A hound zombie (Ossuary)
  4 mummies (Ossuary)
  7 adders
  2 white imps (D:6)
  An ufetubus (D:5)
  An adder zombie (Ossuary)
  5 worms
  3 dart slugs
  3 fire bats (D:5)
  9 orcs
  2 spectral bats (D:5)
  3 bat skeletons (D:5)
  A bat zombie (D:5)
  5 endoplasms
  2 giant cockroaches (D:3)
  7 hobgoblins
  5 jackals (D:1)
  3 kobolds
  3 quokkas
  2 ball pythons (D:4)
  13 bats
  A bat simulacrum (D:5)
  2 frilled lizards (D:1)
  2 gnoll zombies (Ossuary)
  5 goblins
  A hobgoblin zombie (Ossuary)
  2 kobold zombies (Ossuary)
  2 orc zombies (Ossuary)
  5 rats
  A rat zombie (Ossuary)
127 creatures vanquished.

Notes
Turn   | Place    | Note
-------+----------+-------------------------------------------
     0 | D:1      | rabbitsville the Minotaur Monk began the quest for the Orb.
     0 | D:1      | Reached XP level 1. HP: 19/19 MP: 0/0
    77 | D:1      | Reached skill level 4 in Axes
   306 | D:1      | Reached XP level 2. HP: 27/27 MP: 1/1
   823 | D:2      | Reached XP level 3. HP: 29/33 MP: 2/2
   926 | D:2      | Found a faded altar of an unknown god.
   949 | D:2      | Found a white marble altar of Elyvilon.
  1588 | D:3      | Reached skill level 5 in Axes
  1707 | D:3      | Noticed Jessica
  1723 | D:3      | Killed Jessica
  1724 | D:3      | Reached XP level 4. HP: 39/41 MP: 3/3
  1959 | D:3      | Noticed Sigmund
  1966 | D:3      | Killed Sigmund
  1967 | D:3      | Reached skill level 5 in Fighting
  1967 | D:3      | Reached skill level 7 in Axes
  1967 | D:3      | Reached XP level 5. HP: 48/48 MP: 4/4
  1967 | D:3      | Reached XP level 6. HP: 56/56 MP: 5/5
  2249 | D:4      | Found a sand-covered staircase.
  2277 | Ossuary  | Entered an ossuary
  2650 | D:4      | Reached skill level 8 in Axes
  2650 | D:4      | Reached XP level 7. HP: 33/63 MP: 6/6
  2682 | D:4      | Noticed Grinder
  2700 | D:4      | Paralysed by Grinder for 4 turns
  2713 | D:4      | Killed Grinder
  2830 | D:4      | Reached skill level 9 in Axes
  3228 | D:5      | Entered Level 5 of the Dungeon
  3339 | D:5      | Reached skill level 10 in Axes
  3339 | D:5      | Reached XP level 8. HP: 34/73 MP: 7/7
  3908 | D:5      | Found a sparkling altar of Nemelex Xobeh.
  3908 | D:5      | Found a glowing silver altar of Zin.
  3914 | D:5      | Became a worshipper of Nemelex Xobeh the Trickster
  3914 | D:5      | Reached * piety under Nemelex Xobeh
  3914 | D:5      | Received a gift from Nemelex Xobeh
  3914 | D:5      | Reached ** piety under Nemelex Xobeh
  3954 | D:5      | Reached skill level 11 in Axes
  4113 | D:5      | Found a shimmering blue altar of Sif Muna.
  4776 | D:6      | Found a staircase to the Ecumenical Temple.
  5007 | D:7      | Noticed a hornet
  5009 | D:7      | Paralysed by a hornet for 2 turns
  5015 | D:7      | Paralysed by a hornet for 2 turns
  5022 | D:7      | Paralysed by a hornet for 3 turns
  5029 | D:7      | Slain by a hornet

Illustrated notes

Levels and vault maps discovered:
D:1:      minmay_arrival_four_circles, layout_rooms, st_stairs_6,
          minmay_pentomino_q2
D:2:      layout_basic, basic_altar, ebering_ecumenical_altar_abandoned,
          kennysheep_generic_room_11
D:3:      layout_basic, serial_glass, glass_columns_a, glass_columns_a,
          uniq_jessica, uniq_sigmund
D:4:      layout_rooms, nicolae_ossuary_entry_false_entrances, uniq_grinder
D:5:      layout_basic, gammafunk_temple_overflow_statue, lemuel_tele_altar,
          goddamned_bats
D:6:      layout_gridville, temple_fountains
D:7:      minmay_the_grid_octo_triangle [minmay_the_grid_octo_concentric,
          minmay_the_grid_octo_prize_star, minmay_the_grid_octo_odd_swirl],
          layout_rooms, kennysheep_cluttered_room, minmay_misc_feat_rows

Skill      XL: |  1  2  3  4  5  6  7  8 |
---------------+-------------------------+-----
Axes           | 4 5 7 8 10 11 | 11.8
Fighting       | 4 5 6 7 8 |  8.8
Dodging        | |  3.2
Stealth        | |  1.5

Action                   |  1- 3 |  4- 6 |  7- 9 || total
-------------------------+-------+-------+-------++-------
Melee: Hand axe          |    67 |    91 |   202 ||   360
       Headbutt          |    12 |    25 |    38 ||    75
       Punch             |       |       |     3 ||     3
Throw: Dart              |       |       |     2 ||     2
Invok: Draw Destruction  |       |       |     4 ||     4
       Draw Escape       |       |       |     3 ||     3
  Use: Scroll            |       |     6 |       ||     6
 Stab: Distracted        |       |     1 |       ||     1
       Sleeping          |       |     1 |       ||     1
Armor: Robe              |    13 |    28 |     3 ||    44
       Chain mail        |       |       |   101 ||   101
Dodge: Dodged            |    43 |    69 |   130 ||   242

Table legend: (Time is in decaauts)
 A = Elapsed time spent in this place.
 B = Non-inter-level travel time spent in this place.
 C = Inter-level travel time spent in this place.
 D = Time resting spent in this place.
 E = Time spent auto-exploring this place.
 F = Levels seen in this place.
 G = Mean time per level.
                   A        B        C        D        E       F      G
               +--------+--------+--------+--------+--------+-----+--------+
         Total |   4989 |   4835 |    154 |    307 |   2663 |   8 |  623.6 |
       Dungeon |   4666 |   4512 |    154 |    270 |   2663 |   7 |  666.6 |
       Ossuary |    323 |    323 |      0 |     37 |      0 |   1 |  323.0 |
               +--------+--------+--------+--------+--------+-----+--------+

Top non-repeatable levels by time:
     D:5: 1318 daAuts
     D:3: 789 daAuts
     D:2: 742 daAuts
     D:1: 719 daAuts
     D:4: 645 daAuts
     D:6: 426 daAuts
 Ossuary: 323 daAuts
     D:7: 25 daAuts
